 Dungeon Crawl Stone Soup version 0.23.2-1-ga50397a6bc (webtiles) character file.

Game seed: 12914166430322611164

14909 Brecoman the Spear-Bearer (level 12, 0/98 HPs)
             Began as a Merfolk Skald on Apr 15, 2019.
             Was a Priest of Ashenzari.
             Slain by a wolf (8 damage)
             ... on level 3 of the Lair of Beasts.
             The game lasted 00:55:06 (12983 turns).

Brecoman the Spear-Bearer (Merfolk Skald)          Turns: 12983, Time: 00:55:06

Health: 0/98       AC:  7    Str: 21    XL:     12   Next: 21%
Magic:  2/22       EV: 20    Int: 14    God:    Ashenzari [***...]
Gold:   716        SH:  0    Dex: 15    Spells: 6/24 levels left

rFire    + + +     SeeInvis +   a - +4 spear (freeze)
rCold    . . .     Gourm    .   (no shield)
rNeg     . . .     Faith    .   j - +0 scale mail (curse)
rPois    .         Spirit   .   m - -1 helmet of Least Resistance {rElec rF+++ MR- Regen+} (curse)
rElec    +         Reflect  .   s - scarf {repulsion} (curse)
rCorr    .         Harm     .   (no gloves)
MR       .....                  (no boots)
Stlth    ..........             (no amulet)
HPRegen  0.66/turn              A - +4 ring of evasion (curse)
MPRegen  0.18/turn              G - ring "Amaposso" {rF+ Str+8} (curse)

@: about to teleport, infused, singing, repel missiles
A: change form in water, swift swim, stealthy swim
a: Curse Item, Scrying, Renounce Religion


You were on level 3 of the Lair of Beasts.
You worshipped Ashenzari.
Ashenzari was most pleased with you.
You were hungry.

You visited 2 branches of the dungeon, and saw 13 of its levels.

You collected 716 gold pieces.

Inventory:

Hand Weapons
 a - a +4 spear of freezing (weapon)
 b - the +6 hunting sling of the Dove {speed, rElec rF- MR- Int+8}
   (You found it on level 7 of the Dungeon)

   Attacks with this weapon are significantly faster.
   It affects your intelligence (+8).
   It makes you vulnerable to fire.
   It insulates you from electricity.
   It affects your resistance to hostile enchantments.
 H - a +0 glaive of holy wrath
Missiles
 f - 432 stones (quivered)
 o - 2 throwing nets
Armour
 e - a +1 cloak
 j - a cursed +0 scale mail (worn)
 l - a +1 helmet
 m - the cursed -1 helmet of Least Resistance (worn) {rElec rF+++ MR- Regen+}
   (You found it on level 4 of the Dungeon)

   It renders you almost immune to fire.
   It insulates you from electricity.
   It affects your resistance to hostile enchantments.
   It increases your rate of regeneration.
   It has a curse placed upon it.
 n - a +0 ring mail
 s - a cursed scarf of repulsion (worn)
 z - a +0 leather armour
 E - a +2 leather armour of cold resistance
Jewellery
 A - a cursed +4 ring of evasion (left hand)
 C - an uncursed amulet of guardian spirit
 G - the cursed ring "Amaposso" (right hand) {rF+ Str+8}
   (You acquired it on level 9 of the Dungeon)

   [ring of protection from fire]

   It affects your strength (+8).
   It protects you from fire.
   It has a curse placed upon it.
 P - an uncursed ring of protection from cold
Wands
 p - a wand of iceblast (9)
 v - a wand of polymorph (26)
 w - a wand of flame (10)
 x - a wand of clouds (4)
 I - a wand of acid (9)
 O - a wand of paralysis (11)
 W - a wand of enslavement (7)
Scrolls
 g - a scroll of immolation
 h - 2 scrolls of teleportation
 y - 3 scrolls of enchant armour
 D - a scroll of acquirement
 F - a scroll of holy word {unknown}
 J - a scroll of identify
 N - 4 scrolls of blinking {unknown}
 Q - a scroll of amnesia {unknown}
 R - 2 scrolls of remove curse
 T - a scroll of brand weapon {unknown}
 U - a scroll of magic mapping {unknown}
 V - a scroll of vulnerability {unknown}
Potions
 c - 4 potions of flight
 i - 2 potions of brilliance
 k - 2 potions of berserk rage
 q - 6 potions of curing
 r - 6 potions of lignification
 t - 2 potions of ambrosia
 u - 4 potions of degeneration {unknown}
 B - 2 potions of mutation {unknown}
 K - 2 potions of might {unknown}
 L - a potion of heal wounds {unknown}
 S - a potion of cancellation {unknown}
Comestibles
 d - 19 rations


   Skills:
 + Level 10.3 Fighting
 + Level 13.0 Polearms
 + Level 4.4(6.2) Armour
 + Level 8.1(10.0) Dodging
 - Level 6.7 Spellcasting
 - Level 6.5(8.4) Hexes
 - Level 8.5(10.4) Charms


You had 6 spell levels left.
You knew the following spells:

 Your Spells              Type           Power        Failure   Level  Hunger
a - Infusion              Chrm           ####         1%          1    None
b - Spectral Weapon       Hex/Chrm       ####....     2%          3    ##.....
c - Confuse               Hex            ####....     3%          3    ##.....
d - Tukima's Dance        Hex            ####....     3%          3    ##.....
e - Regeneration          Chrm/Necr      ###.......   12%         3    ##.....
f - Ozocubu's Armour      Chrm/Ice       ###.....     12%         3    ##.....
g - Song of Slaying       Chrm           ####....     1%          2    #......

Your spell library contained the following spells:

 Spells                   Type           Power        Failure   Level  Hunger
 Corona                   Hex            ####...      1%          1    None
 Shroud of Golubria       Chrm/Tloc      ###.......   6%          2    #......
 Ensorcelled Hibernation  Hex/Ice        ###...       10%         2    #......
 Dazzling Spray           Conj/Hex       ###...       19%         3    ##.....
 Freeze                   Ice            #...         32%         1    None
 Throw Frost              Conj/Ice       #.....       45%         2    #......
 Summon Ice Beast         Ice/Summ       #.......     97%         4    ####...
 Throw Icicle             Conj/Ice       #.......     97%         4    ####...
 Irradiate                Conj/Tmut      #.........   100%        5    ######.
 Hydra Form               Tmut           #.........   100%        6    #######
 Statue Form              Tmut/Erth      #........    100%        6    #######
 Dragon Form              Tmut           #.........   100%        7    #######


Dungeon Overview and Level Annotations

Branches:
Dungeon (9/15)             Temple (0/1) D:7            Lair (4/6) D:8
  Swamp (0/4) Lair:3       Spider (0/4) Lair:2
    Orc: D:9-12

Altars:
Ashenzari
Cheibriados
Kikubaaqudgha
Okawaru
Ru
Sif Muna
Trog
Zin
The Shining One

Shops:
D:4 *   D:6 }

Annotations:
D:5 3 runed translucent doors, CedricTheThird's ghost, novice DDFi


Message History

A wolf comes into view.
The wolf closely misses you. The wolf misses you.
The wolf completely misses you.
You hear a howl!
There is a stone staircase leading up, spattered with blood here.
The wolf howls!
You hear a howl!
You hear an angry hiss.
You hear a bellow!
You hear a shout!
The wolf bites you.
* * * LOW HITPOINT WARNING * * *
The wolf bites you.
* * * LOW HITPOINT WARNING * * *
The wolf bites you but does no damage. The wolf barely misses you.
The wolf completely misses you. The wolf barely misses you.
The wolf completely misses you. The wolf closely misses you.
The wolf barely misses you. The wolf misses you.
You climb upwards.
There is a stone staircase leading down, spattered with blood here.
As you read the scroll of teleportation, it crumbles to dust.
You feel strangely unstable. The wolf bites you!
You die...

♣§§§≈♣♣............#.#
♣§§§≈≈...............#
♣♣§§§♣♣.........#.#P.##
♣♣§§§♣♣#..............##
♣♣♣♣♣♣##...............#
.......................##
........................#
........[......hhh....###
................@h..###
##..............hh.##
###########..P.#.##
#####.## ###


You could see 6 wolves.

Vanquished Creatures
  Gastronok (Lair:3)
  Harold (D:8)
  A hydra (Lair:2)
  A centaur warrior (D:9)
  Nergalle (Lair:3)
  2 oklob plants (Lair:1)
  Joseph (D:9)
  A black mamba (Lair:3)
  2 spiny frogs (Lair:3)
  2 rime drakes
  3 jumping spiders (Lair:2)
  4 hippogriffs
  A redback (Lair:2)
  A basilisk (Lair:3)
  5 yaks
  3 hogs (D:7)
  A human (D:7)
  A steam dragon (D:9)
  An insubstantial wisp (D:9)
  A swamp worm (Lair:3)
  3 porcupines (Lair:3)
  Duvessa (D:6)
  4 water moccasins
  3 orc warriors
  3 phantoms
  16 wolves
  A sky beast (D:9)
  A centaur (D:6)
  3 crocodiles
  2 big kobolds
  5 bullfrogs
  Dowan (D:6)
  2 scorpions
  2 howler monkeys
  A bullfrog zombie (D:6)
  2 crimson imps
  5 jellies
  A centaur skeleton (D:6)
  2 hounds
  A bullfrog skeleton (D:7)
  4 orc priests
  4 iguanas
  Terence (D:3)
  14 orc wizards
  3 worker ants
  A hound skeleton (D:8)
  A howler monkey zombie (D:5)
  Robin (D:2)
  A worker ant zombie (D:6)
  8 gnolls
  A howler monkey skeleton (D:8)
  5 adders
  2 shadow imps
  2 oozes
  An adder zombie (D:9)
  2 worms (D:4)
  A dart slug (D:1)
  A leopard gecko (D:3)
  33 orcs
  6 bats
  8 giant cockroaches
  16 goblins
  6 hobgoblins
  11 jackals
  4 quokkas
  A ball python (D:2)
  2 frilled lizards
  17 kobolds
  2 quokka skeletons
  A quokka zombie (D:6)
  7 rats
260 creatures vanquished.

Vanquished Creatures (others)
  2 sky beasts (D:9)
  2 orcs (D:9)
  A fungus (Lair:2)
  A plant (Lair:1)
  4 spectral weapons
10 creatures vanquished.

Grand Total: 270 creatures vanquished

Notes
Turn   | Place    | Note
-------+----------+-------------------------------------------
     0 | D:1      | Brecoman the Merfolk Skald began the quest for the Orb.
     0 | D:1      | Reached XP level 1. HP: 16/16 MP: 3/3
   261 | D:1      | Reached XP level 2. HP: 23/23 MP: 1/5
   694 | D:1      | Reached XP level 3. HP: 16/28 MP: 6/6
  1843 | D:2      | Noticed Robin
  1845 | D:2      | Reached skill level 4 in Polearms
  1861 | D:2      | Killed Robin
  1861 | D:2      | Reached XP level 4. HP: 6/35 MP: 1/7
  2750 | D:2      | Reached XP level 5. HP: 40/41 MP: 9/9
  3207 | D:3      | Noticed Terence
  3215 | D:2      | Learned a level 3 spell: Spectral Weapon
  3224 | D:3      | Killed Terence
  3607 | D:3      | Reached skill level 5 in Polearms
  3876 | D:3      | Found a deep blue altar of Sif Muna.
  4026 | D:4      | Noticed an ogre
  4154 | D:4      | Reached XP level 6. HP: 45/48 MP: 10/10
  4223 | D:4      | Reached skill level 1 in Hexes
  4252 | D:4      | Noticed a phantom
  4630 | D:4      | Got a scorched helmet
  4641 | D:4      | Identified the -1 helmet of Least Resistance {rElec rF+++
                  | MR- Regen+} (You found it on level 4 of the Dungeon)
  4670 | D:4      | Found Yrghoghusi's Assorted Antiques.
  4720 | D:4      | Noticed a phantom
  4769 | D:4      | Killed a phantom
  4769 | D:4      | Reached skill level 5 in Charms
  4769 | D:4      | Reached XP level 7. HP: 49/55 MP: 3/12
  4872 | D:4      | Found a glowing golden altar of the Shining One.
  4924 | D:4      | Found a shattered altar of Ashenzari.
  4924 | D:4      | Found a bloodstained altar of Trog.
  5060 | D:4      | Became a worshipper of Ashenzari the Shackled
  5181 | D:4      | Reached skill level 6 in Polearms
  5382 | D:5      | Entered Level 5 of the Dungeon
  5642 | D:5      | Found an iron altar of Okawaru.
  5679 | D:5      | Found a runed translucent gate.
  5680 | D:5      | Found a runed translucent gate.
  5680 | D:5      | Found a runed translucent gate.
  5681 | D:5      | Noticed CedricTheThird's ghost (novice DDFi)
  5779 | D:5      | Reached skill level 5 in Fighting
  5779 | D:5      | Reached XP level 8. HP: 45/62 MP: 6/14
  5920 | D:5      | Found a snail-covered altar of Cheibriados.
  6330 | D:6      | Reached skill level 7 in Polearms
  6650 | D:6      | Found a sacrificial altar of Ru.
  6698 | D:6      | Found Hamonn's Gadget Boutique.
  6711 | D:6      | Noticed Dowan
  6711 | D:6      | Noticed Duvessa
  6726 | D:6      | Killed Duvessa
  6729 | D:6      | Killed Dowan
  6971 | D:6      | Reached * piety under Ashenzari
  7370 | D:6      | Found an ancient bone altar of Kikubaaqudgha.
  7468 | D:7      | Found a glowing silver altar of Zin.
  7485 | D:7      | Got the hunting sling of the Dove {speed, rElec rF- MR-
                  | Int+8}
  7487 | D:7      | Identified the +6 hunting sling of the Dove {speed, rElec
                  | rF- MR- Int+8} (You found it on level 7 of the Dungeon)
  7589 | D:7      | Reached XP level 9. HP: 67/69 MP: 16/16
  7598 | D:7      | Reached skill level 8 in Polearms
  7598 | D:7      | Reached skill level 5 in Spellcasting
  7792 | D:7      | Found a staircase to the Ecumenical Temple.
  8175 | D:8      | Reached skill level 5 in Hexes
  8190 | D:8      | Reached skill level 9 in Polearms
  8300 | D:8      | Found a staircase to the Lair.
  8788 | D:8      | Noticed Harold
  8964 | D:8      | Killed Harold
  8964 | D:8      | Reached XP level 10. HP: 44/79 MP: 5/19
  9375 | D:9      | Reached skill level 10 in Polearms
  9463 | D:9      | Noticed a centaur warrior
  9475 | D:9      | Killed a centaur warrior
  9523 | D:9      | Noticed Joseph
  9719 | D:9      | Killed Joseph
  9722 | D:9      | Identified 3 scrolls of acquirement
  9722 | D:9      | Identified the cursed ring "Amaposso" {rF+ Str+8} (You
                  | acquired it on level 9 of the Dungeon)
  9905 | D:9      | Noticed a two-headed ogre
 10123 | Lair:1   | Entered Level 1 of the Lair of Beasts
 10284 | Lair:1   | Reached ** piety under Ashenzari
 10292 | Lair:1   | Learned a level 3 spell: Confuse
 10296 | Lair:1   | Learned a level 3 spell: Tukima's Dance
 10300 | Lair:1   | Learned a level 3 spell: Regeneration
 10479 | Lair:1   | Reached skill level 1 in Armour
 10590 | Lair:1   | Noticed an oklob plant
 10954 | Lair:1   | Noticed an oklob plant
 10973 | Lair:1   | Killed an oklob plant
 11058 | Lair:1   | Killed an oklob plant
 11058 | Lair:1   | Reached skill level 11 in Polearms
 11058 | Lair:1   | Reached XP level 11. HP: 63/87 MP: 11/21
 11245 | Lair:2   | Noticed an eight-headed hydra
 11398 | Lair:2   | Killed an eight-headed hydra
 11398 | Lair:2   | Reached skill level 5 in Dodging
 11517 | Lair:2   | Found a hole to the Spider Nest.
 12090 | Lair:3   | Reached skill level 12 in Polearms
 12098 | Lair:3   | Reached *** piety under Ashenzari
 12426 | Lair:3   | Noticed Gastronok
 12500 | Lair:3   | Killed Gastronok
 12500 | Lair:3   | Reached skill level 10 in Fighting
 12500 | Lair:3   | Reached XP level 12. HP: 97/97 MP: 4/22
 12750 | Lair:3   | Found a staircase to the Swamp.
 12859 | Lair:3   | Noticed Nergalle
 12879 | Lair:3   | Killed Nergalle
 12907 | Lair:3   | Learned a level 3 spell: Ozocubu's Armour
 12945 | Lair:3   | Learned a level 2 spell: Song of Slaying
 12962 | Lair:3   | Reached skill level 13 in Polearms
 12983 | Lair:3   | Slain by a wolf

Skill      XL: |  1  2  3  4  5  6  7  8  9 10 11 12 |
---------------+-------------------------------------+-----
Polearms       | 4 5 6 7 9 11 12 13 | 13.0
Fighting       | 3 4 5 6 7 8 10 | 10.3
Charms         | 4 5 6 7 8 |  8.5
Spellcasting   | 3 4 6 |  6.7
Hexes          | 2 4 5 6 |  6.5
Armour         | 1 4 |  4.4
Dodging        | 4 7 8 |  8.1

Action                   |  1- 3 |  4- 6 |  7- 9 | 10-12 || total
-------------------------+-------+-------+-------+-------++-------
Melee: Spear             |   151 |   236 |   450 |   323 ||  1160
       Tailslap          |       |       |       |     1 ||     1
 Fire: Hunting sling     |       |       |     5 |       ||     5
 Cast: Infusion          |     6 |     8 |    13 |    25 ||    52
       Spectral Weapon   |       |       |     8 |    21 ||    29
       Regeneration      |       |       |       |     4 ||     4
       Confuse           |       |       |       |     2 ||     2
       Song of Slaying   |       |       |       |     1 ||     1
Invok: Curse Item        |       |       |     1 |     2 ||     3
Evoke: Wand              |       |       |       |     4 ||     4
  Use: Scroll            |       |     6 |     6 |     5 ||    17
 Stab: Sleeping          |     1 |       |       |       ||     1
       Distracted        |       |       |       |    10 ||    10
       Confused          |       |       |       |     3 ||     3
  Eat: Chunk             |     3 |     9 |    14 |     8 ||    34
       Ration            |       |       |       |     2 ||     2
Armor: Leather armour    |    17 |       |       |       ||    17
       Scale mail        |    34 |    66 |    80 |    46 ||   226
Dodge: Dodged            |    85 |    60 |   125 |   239 ||   509
       Deflected         |       |     1 |    10 |    12 ||    23
